 Dungeon Crawl Stone Soup version 0.26.1-2-gb8aa6d0cf2 (webtiles) character file.

Game seed: 17540543908053277319

6626 Gadfly the Basher (level 10, -3/98 HPs)
             Began as a Troll Artificer on Feb 24, 2021.
             Was an Initiate of Gozag.
             Slain by a hornet (5 damage)
             ... on level 10 of the Dungeon.
             The game lasted 00:16:03 (9785 turns).

Gadfly the Basher (Troll Artificer)                 Turns: 9785, Time: 00:16:04

Health: -3/98      AC: 10    Str: 24    XL:     10   Next: 72%
Magic:  9/9        EV: 10    Int:  7    God:    Gozag
Gold:   911        SH:  5    Dex: 11    Spells: 7/9 levels left

rFire    + . .     SeeInvis .   b - +4 quarterstaff (chaos)
rCold    + . .     Faith    .   (shield currently unavailable)
rNeg     . . .     Spirit   .   v - +2 robe {rF+}
rPois    .         Reflect  +   (helmet restricted)
rElec    .         Harm     .   q - +1 cloak
rCorr    +         Rampage  .   (gloves unavailable)
Will     .....                  (boots unavailable)
Stlth    +.........             m - amulet of reflection
HPRegen  0.66/turn              G - ring of resist corrosion
MPRegen  0.11/turn              t - ring of protection from cold

@: lethally poisoned (-3 -> -4), about to teleport, slowed, very slow
A: large, unfitting armour, claws 3, regeneration 1, shaggy fur 1, tough skin 3
a: Renounce Religion, Potion Petition, Call Merchant, Bribe Branch


You were on level 10 of the Dungeon.
You worshipped Gozag.
Gozag was pleased with you.
You visited 2 branches of the dungeon, and saw 11 of its levels.

You collected 1665 gold pieces.
You paid 754 gold pieces to Gozag.

Inventory:

Hand Weapons
 a - a +0 morningstar
 b - a +4 quarterstaff of chaos (weapon)
 p - a +0 hand axe of venom
 H - the +4 halberd of the Heart {holy, rPois Int+4}
   (You found it on level 9 of the Dungeon)

   It has been blessed by the Shining One to cause great damage to the undead
   and demons.
   It affects your intelligence (+4).
   It protects you from poison.
Armour
 q - a +1 cloak (worn)
 v - a +2 robe of fire resistance (worn)
 A - the +1 robe of Gatsiur {*Contam rPois rF+ MP+9}
   (You found it on level 8 of the Dungeon)

   It protects you from fire.
   It protects you from poison.
   It affects your magic capacity (+9).
   It causes magical contamination when unequipped.
Jewellery
 m - an amulet of reflection (around neck)
 t - a ring of protection from cold (right claw)
 G - a ring of resist corrosion (left claw)
Wands
 c - a wand of flame (14) (quivered)
 d - a wand of enslavement (22)
 e - a wand of random effects (15)
 k - a wand of iceblast (16)
 x - a wand of digging (7)
 y - a wand of paralysis (7)
 F - a wand of acid (6)
Scrolls
 f - 5 scrolls of teleportation
 h - 4 scrolls of magic mapping
 r - a scroll of remove curse
 s - 2 scrolls of identify
 w - 2 scrolls of fog
 B - a scroll of enchant weapon
 D - 3 scrolls of enchant armour
Potions
 g - 2 potions of cancellation
 i - 4 potions of curing
 j - 2 potions of flight
 l - 2 potions of heal wounds
 n - a potion of resistance
 o - 2 potions of might
 u - a potion of lignification {unknown}
 z - a potion of berserk rage
 C - a potion of attraction


   Skills:
 + Level 6.3 Fighting
 * Level 9.4 Maces & Flails
 + Level 6.2 Armour
 - Level 1.9 Dodging
 - Level 0.3 Stealth
 + Level 5.8 Evocations


You had 7 spell levels left.
You knew the following spells:

 Your Spells              Type           Power        Failure   Level
a - Swiftness             Air            0%           56%         2

Your spell library contained the following spells:

 Spells                   Type           Power        Failure   Level
 Animate Skeleton         Necr           0%           43%         1
 Corona                   Hex            0%           43%         1
 Magic Dart               Conj           0%           43%         1
 Pain                     Necr           0%           43%         1
 Shock                    Conj/Air       0%           43%         1
 Summon Small Mammal      Summ           0%           43%         1
 Call Imp                 Summ           0%           56%         2
 Ensorcelled Hibernation  Hex/Ice        0%           56%         2
 Searing Ray              Conj           0%           56%         2
 Call Canine Familiar     Summ           0%           80%         3
 Confusing Touch          Hex            0%           80%         3
 Dazzling Flash           Conj/Hex       0%           80%         3
 Gell's Gravitas          Tloc           0%           80%         3
 Static Discharge         Conj/Air       0%           80%         3
 Summon Guardian Golem    Hex/Summ       0%           80%         3
 Tukima's Dance           Hex            0%           80%         3
 Vampiric Draining        Necr           0%           80%         3
 Airstrike                Air            0%           99%         4
 Animate Dead             Necr           0%           99%         4
 Fulminant Prism          Conj/Hex       0%           99%         4
 Iskenderun's Mystic Bla  Conj/Tloc      0%           99%         4
 Petrify                  Tmut/Erth      0%           99%         4
 Summon Ice Beast         Ice/Summ       0%           99%         4
 Summon Lightning Spire   Summ/Air       0%           99%         4
 Agony                    Necr           0%           100%        5
 Lightning Bolt           Conj/Air       0%           100%        5
 Metabolic Englaciation   Hex/Ice        0%           100%        5
 Yara's Violent Unravell  Hex/Tmut       0%           100%        5


Dungeon Overview and Level Annotations

Branches:
Dungeon (10/15)            Temple (1/1) D:4             Orc (0/2) D:9
   Lair: D:8-11

Altars:
Cheibriados
Dithmenos
Elyvilon
Gozag
Hepliaklqana
Makhleb
Okawaru
Qazlal
Ru
Sif Muna
Wu Jian
Yredelemnul
Beogh

Shops:
D:7 [


Innate Abilities, Weirdness & Mutations

You are too large for most types of armour.
You have claws for hands.
Your natural rate of healing is unusually fast.
You are covered in fur. (AC +1)
You have extremely tough skin. (AC +3)


Message History

The hornet closely misses you. The ogre barely misses you.
The hornet stings you but does no damage.
As you read the scroll of teleportation, it crumbles to dust.
You feel strangely unstable. You block the hornet's attack.
The hornet stings you!
* * * LOW HITPOINT WARNING * * *
You are poisoned.
You feel as though you will be slow longer.
The black bear bites you but does no damage.
The black bear barely misses you.
The black bear claws you but does no damage.
The hornet barely misses you.
Okay, then.
You feel sick. The black bear bites you.
* * * LOW HITPOINT WARNING * * *
The black bear claws you.
* * * LOW HITPOINT WARNING * * *
The black bear closely misses you. The hornet stings you.
You die...
Your body crumbles into a pile of gold.

###..###.......PP..........#
.............h.....P.......#
...........................#
......)...#..O.............#
..........###.##.<.........#
..........# #...o..........#
..........# ####O..........#
..........# #hy.........#
..........# #@.########.#
..........# #..# #.#
..........# #..# #.#
..........# #..# #.#
..........# #..# #.#
..........# #..# #.#
###.......# #..# #.#
#.......# #..# #.# #..####.#
########.#


You could see a hornet (agile), an orc warrior, a black bear and an ogre.

Vanquished Creatures
  Pikel (D:5)
  An ugly thing (D:9)
  2 deep elf magi (D:7)
  A wyvern (D:10)
  Menkaure (D:7)
  A hornet zombie (D:9)
  2 ice beasts
  5 orc warriors
  A necrophage (D:6)
  2 phantoms
  3 sky beasts
  6 ogres
  6 centaurs
  2 big kobolds (D:9)
  2 lemures (D:5)
  Blork the orc (D:5)
  6 bullfrogs
  3 scorpions
  3 killer bees (D:8)
  7 howler monkeys
  3 wights (D:6)
  4 hounds
  9 orc priests
  A bullfrog skeleton (D:10)
  A gnoll shaman (D:9)
  3 jellies
  Crazy Yiuf (D:2)
  3 iguanas
  11 orc wizards
  A worker ant (D:5)
  A hound skeleton (D:8)
  3 gnolls (D:9)
  A howler monkey skeleton (D:8)
  3 adders
  2 shadow imps
  3 ufetubi
  An ooze (D:2)
  An adder zombie (D:7)
  2 worms
  A dart slug (D:1)
  7 leopard geckos
  37 orcs
  5 giant cockroaches
  7 hobgoblins
  7 jackals
  2 bats
  2 frilled lizards
  2 gnoll zombies (D:2)
  3 goblins (D:3)
  16 kobolds
  A leopard gecko skeleton (D:4)
  A quokka skeleton (D:6)
  A quokka zombie (D:7)
  4 rats
206 creatures vanquished.

Vanquished Creatures (others)
  15 fungi (D:10)
  6 plants (D:10)
21 creatures vanquished.

Grand Total: 227 creatures vanquished

Notes
Turn   | Place    | Note
-------+----------+-------------------------------------------
     0 | D:1      | Gadfly the Troll Artificer began the quest for the Orb.
     0 | D:1      | Reached XP level 1. HP: 18/18 MP: 0/0
    46 | D:1      | Reached skill level 1 in Fighting
   167 | D:1      | Reached XP level 2. HP: 25/27 MP: 1/1
   922 | D:1      | Reached skill level 1 in Maces & Flails
  1202 | D:2      | Reached skill level 1 in Armour
  1273 | D:2      | Reached XP level 3. HP: 33/33 MP: 2/2
  1654 | D:2      | Reached XP level 4. HP: 23/42 MP: 3/3
  1848 | D:2      | Reached skill level 2 in Maces & Flails
  1853 | D:2      | Found a basalt altar of Yredelemnul.
  1939 | D:2      | Found a runed translucent door.
  1940 | D:2      | Noticed Crazy Yiuf
  1953 | D:2      | Killed Crazy Yiuf
  2329 | D:3      | Reached XP level 5. HP: 26/49 MP: 4/4
  2897 | D:4      | Noticed an ogre
  2904 | D:4      | Killed an ogre
  2905 | D:4      | Reached skill level 3 in Maces & Flails
  2905 | D:4      | Reached XP level 6. HP: 47/59 MP: 5/5
  3086 | D:4      | Found a staircase to the Ecumenical Temple.
  3134 | Temple   | Entered the Ecumenical Temple
  3156 | Temple   | Became a worshipper of Gozag Ym Sagoz the Greedy
  3197 | D:4      | Noticed an ice beast
  3204 | D:4      | Killed an ice beast
  3391 | D:5      | Entered Level 5 of the Dungeon
  3399 | D:5      | Noticed a sky beast
  3410 | D:5      | Killed a sky beast
  3411 | D:5      | Reached skill level 4 in Maces & Flails
  3411 | D:5      | Reached XP level 7. HP: 36/67 MP: 6/6
  3829 | D:5      | Noticed Blork the orc
  3843 | D:5      | Killed Blork the orc
  3992 | D:5      | Reached skill level 5 in Maces & Flails
  4120 | D:5      | Found an iron altar of Okawaru.
  4144 | D:5      | Reached XP level 8. HP: 43/76 MP: 7/7
  4541 | D:5      | Noticed Pikel
  4579 | D:5      | Killed Pikel
  4580 | D:5      | Reached skill level 6 in Maces & Flails
  5468 | D:6      | Found a shadowy altar of Dithmenos.
  5481 | D:6      | Reached XP level 9. HP: 84/85 MP: 8/8
  5811 | D:6      | Reached skill level 7 in Maces & Flails
  6082 | D:7      | Reached skill level 5 in Fighting
  6092 | D:7      | Reached skill level 5 in Armour
  6116 | D:7      | Got a fading quarterstaff
  6152 | D:7      | Identified the cursed +2 quarterstaff "Ethrupp" {vorpal,
                  | rElec} (You found it on level 7 of the Dungeon)
  6224 | D:7      | Found a basalt altar of Yredelemnul.
  6288 | D:7      | Noticed Menkaure
  6300 | D:7      | Killed Menkaure
  6529 | D:7      | Found a basalt altar of Yredelemnul.
  6529 | D:7      | Noticed a deep elf mage
  6529 | D:7      | Noticed a deep elf mage
  6533 | D:7      | Noticed a hellwing
  6535 | D:7      | Killed a deep elf mage
  6536 | D:7      | Reached skill level 8 in Maces & Flails
  6536 | D:7      | Reached skill level 5 in Evocations
  6541 | D:7      | HP: 3/88 [deep elf mage/bolt of cold (33)]
  6549 | D:7      | Killed a deep elf mage
  6550 | D:7      | Reached XP level 10. HP: 40/96 MP: 9/9
  7085 | D:8      | Got a colourful robe
  7096 | D:8      | Identified the +1 robe of Gatsiur {*Contam rPois rF+ MP+9}
                  | (You found it on level 8 of the Dungeon)
  7637 | D:8      | Found a roughly hewn altar of Beogh.
  8301 | D:9      | Found a staircase to the Orcish Mines.
  8531 | D:9      | Reached skill level 9 in Maces & Flails
  8642 | D:9      | Noticed a green ugly thing
  8652 | D:9      | Killed a green ugly thing
  8811 | D:9      | Got a transparent halberd
  8931 | D:9      | Identified the +4 halberd of the Heart {holy, rPois Int+4}
                  | (You found it on level 9 of the Dungeon)
  9187 | D:9      | Learned a level 2 spell: Swiftness
  9239 | D:10     | Entered Level 10 of the Dungeon
  9772 | D:10     | Paralysed by a hornet for 3 turns
  9785 | D:10     | HP: 2/98 [black bear (4)]
  9785 | D:10     | Slain by a hornet

Illustrated notes

Levels and vault maps discovered:
D:1:      erik_arrival_blinker_ship, layout_basic
D:2:      layout_loops_cross, lemuel_zombie_altar_yredelemnul,
          minmay_goblin_kobold_house, uniq_crazy_yiuf_cottage
D:3:      layout_loops_ring, hangedman_abyss_or_decor_stabs
D:4:      layout_rooms, minmay_temple_entry_trees, kennysheep_nub, st_stairs_14,
          hex_large
D:5:      layout_layer_cave, okawaru_trees_2, uniq_blork_the_orc, uniq_pikel
D:6:      layout_rooms, grunt_dithmenos_smoke
D:7:      layout_cave_pools, basic_altar, david_defended_altar_elf,
          uniq_menkaure
D:8:      layout_gridville, special_room [special_room_orc]
D:9:      layout_roguey, erik_orc_3, statue_in_the_mist_lemuel
D:10:     layout_long_grid, grunt_lair_entry_orc_guard_hut
Temple:   regret_index_temple_sigil_plot

Skill      XL: |  1  2  3  4  5  6  7  8  9 10 |
---------------+-------------------------------+-----
Fighting       | 1 2 3 4 5 6 |  6.3
Maces & Flails | 1 2 3 4 5 6 8 9 |  9.4
Armour         | 1 2 3 4 5 6 |  6.2
Evocations     | 3 4 5 |  5.8
Dodging        | |  1.9
Stealth        | |  0.3

Action                   |  1- 3 |  4- 6 |  7- 9 | 10-12 || total
-------------------------+-------+-------+-------+-------++-------
Melee: Club              |    59 |       |       |       ||    59
       Whip              |    60 |       |       |       ||    60
       Hand axe          |    16 |    28 |       |       ||    44
       Mace              |    13 |       |       |       ||    13
       Quarterstaff      |       |    66 |   267 |   261 ||   594
       Flail             |       |     5 |       |       ||     5
Invok: Call Merchant     |       |       |       |     1 ||     1
Evoke: Wand              |       |       |     1 |       ||     1
  Use: Scroll            |     4 |     8 |     5 |     5 ||    22
       Potion            |       |     1 |     2 |     1 ||     4
 Stab: Petrified         |       |     1 |     4 |       ||     5
       Paralysed         |       |       |     5 |       ||     5
       Petrifying        |       |       |       |     2 ||     2
       Sleeping          |       |       |       |     1 ||     1
Armor: Robe              |    69 |    20 |    85 |   103 ||   277
Dodge: Dodged            |    91 |    38 |   129 |   101 ||   359
Block: Other             |     5 |    23 |    51 |    58 ||   137
       Reflection        |       |     3 |     2 |     4 ||     9
